 Dungeon Crawl Stone Soup version 0.21.1-1-g345015fe64 (webtiles) character file.

7812 Balth the Tainter (level 11, 0/72 HPs)
             Began as a Demonspawn Venom Mage on Mar 25, 2018.
             Was an Elder of Sif Muna.
             Succumbed to a green ugly thing's poison
             ... on level 11 of the Dungeon.
             The game lasted 00:57:58 (9959 turns).

Balth the Tainter (Demonspawn Venom Mage)           Turns: 9959, Time: 00:57:58

Health: 0/72       AC: 11    Str: 15    XL:     11   Next: 1%
Magic:  31/31      EV: 13    Int: 19    God:    Sif Muna [****..]
Gold:   576        SH:  0    Dex: 14    Spells: 15/25 levels left

rFire    + . .     SeeInvis .   a - +2 falchion (protect)
rCold    . . .     Gourm    .   (no shield)
rNeg     . . .     Faith    .   F - +4 ring mail of Royalty {rPois Str+6}
rPois    +         Spirit   .   (helmet restricted)
rElec    .         Reflect  .   (no cloak)
rCorr    .         Harm     .   (no gloves)
MR       .....     Clarity  +   (no boots)
Stlth    ++........             (no amulet)
HPRegen  0.22/turn              d - ring of protection from fire
MPRegen  0.22/turn              e - ring of magical power

@: lethally poisoned (0 -> -5)
A: horns 1, talons 2, yellow scales 1, clarity, demonic guardian 1, mutation
resistance 1, powered by pain 1, screaming 1
a: Divine Energy, Channel Magic, Forget Spell, Renounce Religion


You were on level 11 of the Dungeon.
You worshipped Sif Muna.
Sif Muna was greatly pleased with you.
You were not hungry.

You visited 1 branch of the dungeon, and saw 11 of its levels.

You collected 576 gold pieces.

Inventory:

Hand Weapons
 a - a +2 falchion of protection (weapon)
 j - a +0 hunting sling
 s - a +4 short sword of protection
 u - a +1 dagger of venom
 w - a +0 blowgun
 z - a +4 scimitar of flaming
 B - a +2 spear of distortion
 D - a +1 dagger of freezing
 G - a +3 dagger
 L - a +1 short sword of venom
Missiles
 v - 7 poisoned tomahawks (quivered)
Armour
 p - a +1 troll leather armour {Purgy}
 r - a +2 robe of the Archmagi
 F - the +4 ring mail of Royalty (worn) {rPois Str+6}
   (You found it on level 8 of the Dungeon)

   It affects your strength (+6).
   It protects you from poison.
 J - a +0 robe
Jewellery
 d - a ring of protection from fire (left hand)
 e - a ring of magical power (right hand)
 o - a +3 ring of strength
 y - an uncursed ring of protection from cold
Wands
 h - a wand of flame (21)
 i - a wand of digging (2)
 A - a wand of enslavement (8)
Scrolls
 l - 8 scrolls of identify
 n - a scroll of teleportation
 t - a scroll of amnesia
 C - a scroll of remove curse
Potions
 g - a potion of flight
 H - 2 potions of brilliance
Books
 b - a Young Poisoner's Handbook

   Spells                             Type                      Level
   a - Sting                          Conjuration/Poison           1
   b - Poisonous Vapours              Poison/Air                   2
   c - Mephitic Cloud                 Conjuration/Poison/Air       3
   d - Olgreb's Toxic Radiance        Poison                       4
   e - Venom Bolt                     Conjuration/Poison           5
Comestibles
 q - 9 rations


   Skills:
 + Level 2.2 Fighting
 * Level 7.2(7.5) Short Blades
 + Level 2.8(5.4) Long Blades
 + Level 4.5 Dodging
 + Level 4.8 Stealth
 + Level 7.8 Spellcasting
 + Level 1.3 Conjurations
 + Level 5.1 Air Magic
 + Level 8.5 Poison Magic
 + Level 0.3 Evocations


You had 15 spell levels left.
You knew the following spells:

 Your Spells              Type           Power        Failure   Level  Hunger
a - Sting                 Conj/Pois      ####         2%          1    None
b - Poisonous Vapours     Pois/Air       ####..       1%          2    None
c - Mephitic Cloud        Conj/Pois/Air  ####....     7%          3    #......
d - Olgreb's Toxic Radia  Pois           #####...     5%          4    ###....


Dungeon Overview and Level Annotations

Branches:
Dungeon (11/15)            Temple (0/1) D:7            Lair (0/6) D:9
    Orc (0/2) D:10

Altars:
Fedhas
Gozag
Hepliaklqana
Ru
Sif Muna
Vehumet
Zin


Innate Abilities, Weirdness & Mutations

You have razor-sharp toenails.
You are partially covered in yellow scales. (AC +2)
A weak demonic guardian rushes to your aid.
You sometimes gain a little power by taking damage.
You have a pair of small horns on your head.
You possess an exceptional clarity of mind.
You are somewhat resistant to further mutation.
You occasionally shout uncontrollably at your foes.


Message History

You continue putting on the +4 ring mail of Royalty {rPois Str+6}.
* * * LOW HITPOINT WARNING * * *
You feel sick.
You continue putting on the +4 ring mail of Royalty {rPois Str+6}.
* * * LOW HITPOINT WARNING * * *
You feel sick.
You finish putting on the +4 ring mail of Royalty {rPois Str+6}.
* * * LOW HITPOINT WARNING * * *
You feel sick.
* * * LOW HITPOINT WARNING * * *
You feel sick.
* * * LOW HITPOINT WARNING * * *
You feel sick.
* * * LOW HITPOINT WARNING * * *
You feel sick.
* * * LOW HITPOINT WARNING * * *
You feel sick.
* * * LOW HITPOINT WARNING * * *
You feel sick.
You die...

#.###.### #..#..#
##########....##
#.....#.......#
#.............######
#.....######.......#
#.....# #..####.##
#.....### #..# #..##
#....@.># #..# ##...
#######.# #..# ####
.# #... . ..## ##
###


There were no monsters in sight!

Vanquished Creatures
  Erica (D:9)
  A two-headed ogre (D:10)
  A komodo dragon (D:10)
  4 hogs (D:9)
  9 yaks
  A human (D:9)
  2 steam dragons (D:5)
  An orc warrior (D:8)
  A sky beast (D:7)
  Duvessa (D:4)
  5 ogres
  A black bear (D:7)
  2 ice beasts
  2 phantoms
  A centaur (D:7)
  A crocodile (D:9)
  5 big kobolds
  A gnoll sergeant (D:8)
  4 bullfrogs
  A wyvern skeleton (D:11)
  3 scorpions
  5 killer bees (D:7)
  A howler monkey (D:8)
  4 crimson imps
  3 hounds
  A jelly (D:7)
  5 orc priests
  8 orc wizards
  9 worker ants
  Natasha (thrice) (D:4)
  Robin (D:3)
  4 gnolls
  6 adders
  2 shadow imps
  An adder skeleton (D:7)
  2 worms
  2 dart slugs
  2 leopard geckos
  33 orcs
  3 giant cockroaches
  15 goblins
  9 hobgoblins
  3 jackals (D:3)
  3 quokkas
  3 ball pythons
  7 bats
  2 frilled lizards
  A jackal zombie (D:5)
  21 kobolds
  4 rats
211 creatures vanquished.

Vanquished Creatures (collateral kills)
  Grinder (D:3)
  2 yaks
  A black bear (D:9)
  Purgy (D:4)
  A sky beast (D:8)
  An ogre (D:5)
  An eye of draining (D:11)
  A centaur (D:7)
  Dowan (D:4)
  A crimson imp (D:5)
  An orc wizard (D:11)
  2 adders (D:2)
  An orc (D:4)
  A jackal (D:3)
16 creatures vanquished.

Grand Total: 227 creatures vanquished

Notes
Turn   | Place    | Note
-------+----------+-------------------------------------------
     0 | D:1      | Balth the Demonspawn Venom Mage began the quest for the Orb.
     0 | D:1      | Reached XP level 1. HP: 13/13 MP: 3/3
    81 | D:1      | Gained mutation: A weak demonic guardian rushes to your aid. [demonic ancestry]
    81 | D:1      | Reached XP level 2. HP: 7/19 MP: 0/5
   428 | D:2      | Learned a level 2 spell: Poisonous Vapours
   565 | D:2      | Gained mutation: You sometimes gain a little power by taking damage. [demonic ancestry]
   565 | D:2      | Reached XP level 3. HP: 21/24 MP: 2/6
  1744 | D:2      | Reached XP level 4. HP: 30/30 MP: 7/7
  2058 | D:3      | Noticed Grinder
  2086 | D:3      | Killed Grinder
  2086 | D:3      | Reached skill level 1 in Air Magic
  2086 | D:3      | Gained mutation: You are partially covered in yellow scales. (AC +2) [demonic ancestry]
  2086 | D:3      | Reached XP level 5. HP: 11/36 MP: 9/9
  2311 | D:3      | Learned a level 3 spell: Mephitic Cloud
  2338 | D:3      | Noticed Robin
  2360 | D:3      | Reached skill level 1 in Fighting
  2632 | D:3      | Killed Robin
  2843 | D:3      | Reached skill level 4 in Poison Magic
  2984 | D:3      | Found a sacrificial altar of Ru.
  3155 | D:4      | Noticed Purgy
  3168 | D:4      | Killed Purgy
  3168 | D:4      | Gained mutation: You have sharp toenails. [demonic ancestry]
  3168 | D:4      | Reached XP level 6. HP: 43/43 MP: 8/10
  3169 | D:4      | Noticed Duvessa
  3174 | D:4      | Noticed Dowan
  3198 | D:4      | Killed Duvessa
  3222 | D:4      | Killed Dowan
  3337 | D:4      | Gained mutation: You have a pair of small horns on your head. [potion of mutation]
  3337 | D:4      | Gained mutation: You occasionally shout uncontrollably at your foes. [potion of mutation]
  3337 | D:4      | Gained mutation: You possess an exceptional clarity of mind. [potion of mutation]
  3337 | D:4      | Gained mutation: You are somewhat resistant to further mutation. [potion of mutation]
  3346 | D:4      | Noticed Natasha
  3352 | D:4      | Killed Natasha
  3388 | D:4      | Found a deep blue altar of Sif Muna.
  3390 | D:4      | Noticed Natasha
  3399 | D:4      | Killed Natasha
  3603 | D:4      | Became a worshipper of Sif Muna the Loreminder
  3607 | D:4      | Noticed Natasha
  3610 | D:4      | Killed Natasha
  3610 | D:4      | Reached XP level 7. HP: 48/48 MP: 12/12
  3992 | D:5      | Entered Level 5 of the Dungeon
  4187 | D:5      | Found a radiant altar of Vehumet.
  4300 | D:5      | Noticed a steam dragon
  4300 | D:5      | Noticed a steam dragon
  4409 | D:5      | Killed a steam dragon
  4421 | D:5      | Killed a steam dragon
  4652 | D:5      | Gained mutation: You have razor-sharp toenails. [demonic ancestry]
  4652 | D:5      | Reached XP level 8. HP: 54/54 MP: 14/14
  4909 | D:5      | Reached skill level 5 in Poison Magic
  4916 | D:5      | Learned a level 4 spell: Olgreb's Toxic Radiance
  5337 | D:6      | Reached skill level 5 in Spellcasting
  5550 | D:7      | Reached * piety under Sif Muna
  5709 | D:7      | Reached skill level 6 in Poison Magic
  5762 | D:7      | Reached XP level 9. HP: 48/59 MP: 17/17
  5789 | D:7      | Found a hazy altar of Hepliaklqana.
  5827 | D:7      | Found a glowing silver altar of Zin.
  5923 | D:7      | Reached ** piety under Sif Muna
  6306 | D:7      | Found a staircase to the Ecumenical Temple.
  6629 | D:8      | Got a smelly ring mail
  6630 | D:8      | Identified the +4 ring mail of Royalty {rPois Str+6} (You found it on level 8 of the Dungeon)
  6668 | D:8      | Reached skill level 5 in Short Blades
  6706 | D:8      | Reached skill level 7 in Poison Magic
  6715 | D:8      | Found an opulent altar of Gozag.
  7171 | D:8      | Reached *** piety under Sif Muna
  7197 | D:8      | Found a blossoming altar of Fedhas.
  7435 | D:9      | Found a staircase to the Lair.
  7533 | D:9      | Reached XP level 10. HP: 58/66 MP: 18/20
  7547 | D:9      | Reached skill level 1 in Long Blades
  7709 | D:9      | Noticed Erica
  7734 | D:9      | Killed Erica
  8059 | D:10     | Entered Level 10 of the Dungeon
  8398 | D:10     | Reached skill level 8 in Poison Magic
  8618 | D:10     | Noticed a two-headed ogre
  8640 | D:10     | Killed a two-headed ogre
  8640 | D:10     | Reached skill level 5 in Air Magic
  8917 | D:10     | Found a staircase to the Orcish Mines.
  9024 | D:11     | Noticed a four-headed hydra
  9175 | D:11     | Reached **** piety under Sif Muna
  9254 | D:11     | Noticed a green ugly thing
  9257 | D:11     | Noticed a two-headed ogre
  9770 | D:11     | Reached XP level 11. HP: 42/72 MP: 22/22
  9954 | D:11     | HP: 3/72 [poisoned by a green ugly thing]
  9956 | D:11     | HP: 1/72 [poisoned by a green ugly thing]
  9959 | D:11     | Succumbed to a green ugly thing's poison

Skill      XL: |  1  2  3  4  5  6  7  8  9 10 |
---------------+-------------------------------+-----
Stealth        | 2 3 4 |  4.8
Dodging        | 2 3 4 |  4.5
Short Blades   | 2 3 4 6 7 |  7.2
Air Magic      | 1 2 4 5 |  5.1
Fighting       | 1 2 |  2.2
Spellcasting   | 3 4 5 7 |  7.8
Poison Magic   | 4 6 7 8 |  8.5
Long Blades    | 2 |  2.8
Conjurations   | |  1.3
Evocations     | |  0.3

Action                   |  1- 3 |  4- 6 |  7- 9 | 10-12 || total
-------------------------+-------+-------+-------+-------++-------
Melee: Short sword       |     8 |     6 |   133 |       ||   147
       Dagger            |    63 |    68 |       |       ||   131
       Headbutt          |       |       |    24 |    17 ||    41
       Kick              |       |       |    37 |    23 ||    60
       Falchion          |       |       |    20 |   112 ||   132
 Cast: Sting             |    12 |       |     1 |       ||    13
       Poisonous Vapours |    15 |    30 |    47 |    31 ||   123
       Mephitic Cloud    |       |     4 |     5 |     4 ||    13
       Olgreb's Toxic Ra |       |       |    24 |    20 ||    44
Evoke: Wand              |       |       |     3 |     4 ||     7
  Use: Scroll            |     2 |     6 |     8 |     9 ||    25
       Potion            |       |     6 |     2 |     5 ||    13
 Stab: Sleeping          |     2 |     1 |     7 |       ||    10
       Distracted        |       |       |     3 |       ||     3
  Eat: Ration            |     1 |     2 |     5 |     3 ||    11
       Chunk             |       |     2 |       |       ||     2
Armor: Robe              |    31 |    26 |    52 |    35 ||   144
Dodge: Dodged            |    82 |    66 |    81 |    76 ||   305
       Rpst.: Falchion   |       |       |     5 |    18 ||    23
